 Dungeon Crawl Stone Soup version 0.32-a0-292-g751ec8d2e7 (webtiles) character file.

Game seed: 3634692981621181853

129 EC1 the Caller (level 5, -8/35 HPs)
             Began as a Merfolk Summoner on Feb 14, 2024.
             Mangled by a gnoll
             ... wielding a +0 flail
              (10 damage)
             ... on level 3 of the Dungeon.
             The game lasted 00:07:20 (1892 turns).

EC1 the Caller (Merfolk Summoner)                   Turns: 1892, Time: 00:07:21

Health: -8/35      AC:  3    Str:  9    XL:     5   Next: 12%
Magic:  3/9        EV: 13    Int: 16    God:
Gold:   109        SH:  0    Dex: 14    Spells: 6/10 levels left

rFire   . . .        c - staff of cold
rCold   + . .        (no shield)
rNeg    . . .        j - +1 robe
rPois   .            (no helmet)
rElec   .            (no cloak)
rCorr   .            (no gloves)
SInv    .            (no boots)
Will    .....        (no amulet)
Stlth   ++           f - ring of flight
HPRegen 0.25/turn    (no ring)
MPRegen 0.11/turn

%: no passive effects
@: unable to call your familiar, flying
A: (nimble swimmer 2), mertail
a: no special abilities


You were on level 3 of the Dungeon.
You visited 1 branch of the dungeon, and saw 3 of its levels.

You collected 109 gold pieces.

Inventory:

Armour
 a - a +0 robe
 j - a +1 robe (worn)
 s - a +0 robe
Magical Staves
 c - a staff of cold (weapon)
Jewellery
 f - a ring of flight (left hand)
Wands
 q - a wand of charming (6) (quivered)
Scrolls
 d - a scroll of torment {unknown}
 g - 2 scrolls of fear
Potions
 b - a potion of magic
 e - 3 potions of curing
 i - a potion of lignification {unknown}
 k - 3 potions of berserk rage
 l - a potion of enlightenment {unknown}
 m - a potion of heal wounds {unknown}
 o - a potion of attraction {unknown}
 p - a potion of ambrosia {unknown}
 r - a potion of might {unknown}
 t - a potion of mutation {unknown}


   Skills:
 + Level 0.3 Fighting
 + Level 0.7 Staves
 + Level 3.7 Dodging
 + Level 2.7 Stealth
 + Level 3.1 Spellcasting
 + Level 4.8 Summonings


You had 6 spell levels left.
You knew the following spells:

 Your Spells              Type           Power      Damage    Failure   Level
a - Summon Small Mammal   Summ           72%        N/A       2%          1
b - Call Canine Familiar  Summ           18%        N/A       8%          3

Your spell library contained the following spells:

 Spells                   Type           Power      Damage    Failure   Level
 Call Imp                 Summ           36%        N/A       3%          2
 Necrotise                Necr           8%         1d4       19%         1
 Cigotuvi's Dreadful Rot  Necr/Alch/Air  4%         N/A       28%         2
 Vampiric Draining        Necr           2%         2d6       50%         3
 Martyr's Knell           Necr/Summ      10%        N/A       56%         4
 Summon Blazeheart Golem  Fire/Summ      10%        N/A       56%         4
 Summon Lightning Spire   Summ/Air       10%        N/A       56%         4
 Dispel Undead            Necr           2%         3d7       88%         4
 Curse of Agony           Necr           2%         N/A       99%         5
 Death Channel            Necr           1%         N/A       100%        6


Dungeon Overview and Level Annotations

Branches:
Dungeon (3/15)

Altars:


Innate Abilities, Weirdness & Mutations

((You are very nimble when in or above water. (Stealth+, EV+, Speed+++)))
Your lower body shifts to a powerful aquatic tail in water.


Message History

Your inugami hits the gnoll but does no damage.
Casting: Summon Small Mammal (safe; 2% risk of failure)
Confirm with . or Enter, or press ? or * to list all spells.
You imbue your familiar with magical energy and its fangs glint viciously.
The gnoll barely misses your inugami.
Your inugami hits the gnoll but does no damage. x2
The gnoll barely misses your inugami.
Your inugami hits the gnoll but does no damage.
The gnoll closely misses your inugami.
Your inugami hits the gnoll but does no damage.
The gnoll completely misses your inugami.
Your inugami hits the gnoll but does no damage.
The gnoll barely misses your inugami.
Your inugami barely misses the gnoll.
The gnoll closely misses your inugami.
Your inugami hits the gnoll.
The gnoll hits your inugami with a +0 flail.
Your inugami hits the gnoll but does no damage.
The gnoll barely misses your inugami.
Your inugami hits the gnoll but does no damage.
The gnoll hits your inugami with a +0 flail!
Your inugami hits the gnoll.
The gnoll completely misses your inugami.
Your inugami hits the gnoll.
The gnoll hits your inugami with a +0 flail!
Your inugami dies!
Your inugami disappears in a puff of smoke!
The gnoll hits you with a +0 flail!
Things that are here:
a +0 flail; a gnoll corpse You hit the gnoll but do no damage.
The gnoll is severely wounded.
The gnoll hits you with a +0 flail!
* * * LOW HITPOINT WARNING * * *
You barely miss the gnoll.
The gnoll is severely wounded.
The gnoll hits you with a +0 flail.
* * * LOW HITPOINT WARNING * * *
You hit the gnoll but do no damage.
The gnoll is severely wounded.
The gnoll hits you with a +0 flail!
You die...

#g### #...# ......
# #.#.## ..... #.
#....## ....
#.##.....#####...
.###..........##...
............#.##..
$..........##.##g#
#######.#.###.##@#
#..<.....#
#.##.####..#
#.####.###
#..........# #.#
####.#####.# #.#
#... #.# ##### #.#
#.# #.#


You could see a gnoll.

Vanquished Creatures
  An adder zombie (D:2)
  A dart slug (D:2)
  An orc (D:3)
  2 bats (D:3)
  2 giant cockroaches
  A goblin (D:1)
  2 hobgoblins
  A frilled lizard (D:1)
11 creatures vanquished.

Vanquished Creatures (collateral kills)
  A bombardier beetle (D:3)
  A gnoll (D:3)
  A ribbon worm (D:2)
  2 dart slugs
  An orc (D:3)
  An endoplasm (D:1)
  4 goblins
  3 hobgoblins
  2 quokkas
  6 ball pythons
  2 bats (D:2)
  A frilled lizard (D:3)
  A giant cockroach zombie (D:2)
  3 kobolds
  2 rats (D:3)
31 creatures vanquished.

Grand Total: 42 creatures vanquished

Notes
Turn   | Place    | Note
-------+----------+-------------------------------------------
     0 | D:1      | EC1 the Merfolk Summoner began the quest for the Orb.
     0 | D:1      | Reached XP level 1. HP: 13/13 MP: 3/3
    96 | D:1      | Reached XP level 2. HP: 18/19 MP: 3/5
   340 | D:1      | Reached XP level 3. HP: 19/24 MP: 3/6
  1162 | D:2      | Learned a level 3 spell: Call Canine Familiar
  1388 | D:2      | Reached XP level 4. HP: 30/30 MP: 6/8
  1869 | D:3      | Reached XP level 5. HP: 21/35 MP: 3/9
  1892 | D:3      | Mangled by a gnoll

Illustrated notes

Levels and vault maps discovered:
D:1:      tarquinn_simple_flora_water_b, layout_basic
D:2:      layout_rooms, serial_undead, serial_undead_d, serial_undead_e,
          serial_undead_c, serial_undead_a
D:3:      layout_loops_ring, chequers_serial_rivers_micro_e, uniq_ijyb,
          uniq_terence, uniq_jessica

Skill      XL: |  1  2  3  4 |
---------------+-------------+-----
Dodging        | 3 |  3.7
Spellcasting   | 3 |  3.1
Fighting       | |  0.3
Staves         | |  0.7
Stealth        | |  2.7
Summonings     | |  4.8

Action                     |  1- 3 |  4- 6 || total
---------------------------+-------+-------++-------
  Melee: Staff             |    76 |    36 ||   112
   Cast: Summon Small Mamm |    29 |    14 ||    43
         Call Canine Famil |     2 |     2 ||     4
    Use: Scroll            |     4 |     3 ||     7
   Stab: Sleeping          |     1 |       ||     1
         Distracted        |       |     1 ||     1
 Armour: Robe              |    60 |    26 ||    86
         Skin              |     1 |       ||     1
  Dodge: Dodged            |    78 |    25 ||   103

Table legend: (Time is in decaauts)
 A = Elapsed time spent in this place.
 B = Non-inter-level travel time spent in this place.
 C = Inter-level travel time spent in this place.
 D = Time resting spent in this place.
 E = Time spent auto-exploring this place.
 F = Levels seen in this place.
 G = Mean time per level.
                   A        B        C        D        E       F      G
               +--------+--------+--------+--------+--------+-----+--------+
         Total |   1910 |   1910 |      0 |     45 |    732 |   3 |  636.7 |
       Dungeon |   1910 |   1910 |      0 |     45 |    732 |   3 |  636.7 |
               +--------+--------+--------+--------+--------+-----+--------+

Top non-repeatable levels by time:
     D:1: 919 daAuts
     D:2: 808 daAuts
     D:3: 182 daAuts
